 Dungeon Sprint DCSS version 0.31-a0-38-g1548c4f2a5 (webtiles) character file.

Game seed: 16099246060173108925

950 sircluck the Grappler (level 7, -3/121 HPs)
             Began as a Troll Berserker on May 15, 2023.
             Was a Priest of Trog.
             Killed by divine providence
             ... invoked by a smoke demon
             ... summoned by a kobold demonologist
              (16 damage)
             ... in the Dungeon (Sprint I: "Red Sonja") on May 16, 2023.
             The game lasted 00:03:45 (251 turns).

sircluck the Grappler (Troll Berserker)              Turns: 251, Time: 00:03:45

Health: -3/121     AC:  4    Str: 28    XL:     7   Next: 90%
Magic:  6/6        EV: 12    Int:  3    God:    Trog [***...]
Gold:   313        SH:  0    Dex:  9    Spells: 6/6 levels left

rFire   . .          .
                       - Unarmed
rCold   . . .        (no shield)
rNeg    . . .        a - +0 animal skin
rPois   .            (helmet restricted)
rElec   .            (no cloak)
rCorr   .            (gloves unavailable)
SInv    .            (boots unavailable)
Will    .....        (no amulet) Stlth
                     (no ring)
HPRegen 1.20/turn    (no ring)
MPRegen 0.10/turn

%: no teleportation
@: berserking (expiring), very quick
A: large, unfitting armour, claws 3, regeneration 1, shaggy fur 1, tough skin 1
a: Renounce Religion, Berserk, Trog's Hand


You were in the Dungeon.
You worshipped Trog.
Trog was most pleased with you.
You visited 1 branch You collected 420 gold pieces.
You spent 107 gold pieces at shops.

Inventory:

Armour
 a - a +0 animal skin (worn)
Wands
 h - a wand of roots (10)
 i - a wand of charming (5)
Scrolls
 g - a scroll of blinking
Potions
 b - a potion of curing
 c - a potion of heal wounds
 d - a potion of haste
 e - 2 potions of magic
 f - a potion of berserk rage


   Skills:
 + Level 8.3 Fighting
 + Level 8.4 Dodging
 + Level 0.9 Stealth
 + Level 11.3 Unarmed Combat


You had 6 spell levels left.
You didn't know any spells.
Your spell library was empty.

Dungeon Overview and Level Annotations

Branches:
Dungeon (1/1)

Altars:
Cheibriados
Dithmenos
Elyvilon
Fedhas
Gozag
Hepliaklqana
Kikubaaqudgha
Makhleb
Nemelex Xobeh
Okawaru
Qazlal
Ru
Sif Muna
Trog
Uskayaw
Vehumet
Wu Jian
Xom
Yredelemnul
Zin
The Shining One
Jiyva
Lugonu

Shops:
D *


Innate Abilities, Weirdness & Mutations

You are too large for most types of armour.
You have claws for hands.
Your natural rate of healing is unusually fast.
You are covered in fur. (AC +1)
You have tough skin. (AC +1)


Message History

The ufetubus barely misses you.
The ynoxinul gestures.
The ufetubus completely misses you. The ufetubus barely misses you.
The sun demon hits you!
You are engulfed in flames!
You completely miss the sun demon.
The sun demon is heavily wounded.
The smoke demon gestures at you. Something smites you!
* * * LOW HITPOINT WARNING * * *
The sun demon hits you.
* * * LOW HITPOINT WARNING * * *
You are engulfed in flames!
* * * LOW HITPOINT WARNING * * *
You feel a strong urge to attack something.
The sun demon disappears in a puff of smoke!
You mangle the ynoxinul!!
You kill the ynoxinul!
The ynoxinul disappears in a puff of smoke!
You barely miss the smoke demon. You closely miss the smoke demon.
The smoke demon hits you but does no damage. x2
The smoke demon hits you.
* * * LOW HITPOINT WARNING * * *
You closely miss the smoke demon. You claw the smoke demon!
The smoke demon is heavily wounded.
The smoke demon hits you.
* * * LOW HITPOINT WARNING * * *
The smoke demon hits you.
* * * LOW HITPOINT WARNING * * *
The smoke demon hits you.
* * * LOW HITPOINT WARNING * * *
You closely miss the smoke demon. You claw the smoke demon!
The smoke demon is almost dead.
The kobold demonologist casts a spell.
You closely miss the smoke demon.
The smoke demon is almost dead.
The smoke demon gestures at you. Something smites you!
You die...

######################
..)..#..'..#__#.@3K5.#
).#..').#..'..'..#5.4#
####'#####'#__####...+
###..#...#[#### ####
__####..##.#
_____##'#_.+
_.∩..†'..._#
_..__##_.#'#
_____###+#.#


You could see a kobold demonologist, a smoke demon (summoned), a chaos spawn
(summoned), an iron imp (summoned) and a quasit (summoned).

Vanquished Creatures
  A kobold demonologist (D)
  Sigmund (D)
  A slime creature (D)
  A yak (D)
  A floating eye (D)
  An ogre (D)
  A jelly (D)
  Ijyb (D)
8 creatures vanquished.

Notes
Turn   | Place    | Note
-------+----------+-------------------------------------------
     0 | D        | sircluck the Troll Berserker began the quest for the Orb.
     0 | D        | Reached XP level 1. HP: 22/22 MP: 0/0
     0 | D        | Upgraded the game from 0.31-a0-37-g98a128e1d9 to
                  | 0.31-a0-38-g1548c4f2a5
     2 | D        | Noticed Ijyb
     9 | D        | Killed Ijyb
    10 | D        | Reached skill level 4 in Unarmed Combat
    10 | D        | Reached XP level 2. HP: 31/31 MP: 1/1
    14 | D        | Noticed an ogre
    17 | D        | Killed an ogre
    18 | D        | Reached skill level 6 in Unarmed Combat
    18 | D        | Reached XP level 3. HP: 41/41 MP: 2/2
    18 | D        | Reached XP level 4. HP: 49/49 MP: 3/3
    62 | D        | Noticed Sigmund
    78 | D        | Killed Sigmund
    78 | D        | Reached ** piety under Trog
    79 | D        | Reached skill level 8 in Unarmed Combat
    79 | D        | Reached XP level 5. HP: 59/59 MP: 4/4
   101 | D        | Found an ornate altar of the Wu Jian Council.
   101 | D        | Found a shimmering blue altar of Sif Muna.
   105 | D        | Found a radiant altar of Vehumet.
   111 | D        | Reached XP level 6. HP: 20/68 MP: 5/5
   154 | D        | Found Ownoiz's Assorted Antiques.
   154 | D        | Found an ancient bone altar of Kikubaaqudgha.
   154 | D        | Found a hazy altar of Hepliaklqana.
   154 | D        | Found a stormy altar of Qazlal.
   154 | D        | Found a hide-covered altar of Uskayaw.
   154 | D        | Found a blossoming altar of Fedhas.
   154 | D        | Found a bloodstained altar of Trog.
   154 | D        | Found an iron altar of Okawaru.
   154 | D        | Found a basalt altar of Yredelemnul.
   154 | D        | Found a glowing golden altar of the Shining One.
   154 | D        | Found a snail-covered altar of Cheibriados.
   154 | D        | Found a sacrificial altar of Ru.
   154 | D        | Found a glowing silver altar of Zin.
   154 | D        | Found a shadowy altar of Dithmenos.
   154 | D        | Found a white marble altar of Elyvilon.
   154 | D        | Noticed a yak
   155 | D        | Found an opulent altar of Gozag.
   158 | D        | Killed a yak
   159 | D        | Reached skill level 9 in Unarmed Combat
   159 | D        | Found a sparkling altar of Nemelex Xobeh.
   165 | D        | Bought a jewelled glass wand for 88 gold pieces
   165 | D        | Bought a fizzy grey potion for 19 gold pieces
   179 | D        | Found a burning altar of Makhleb.
   179 | D        | Found a viscous altar of Jiyva.
   179 | D        | Found a shimmering altar of Xom.
   179 | D        | Found a corrupted altar of Lugonu.
   179 | D        | Noticed a slime creature
   186 | D        | Killed a slime creature
   187 | D        | Reached skill level 10 in Unarmed Combat
   187 | D        | Reached XP level 7. HP: 35/78 MP: 6/6
   223 | D        | Noticed a kobold demonologist
   223 | D        | Noticed a kobold demonologist
   226 | D        | Noticed a sun demon
   227 | D        | Noticed a ynoxinul
   227 | D        | Paralysed by a floating eye for 2 turns
   235 | D        | Reached *** piety under Trog
   237 | D        | Killed a kobold demonologist
   238 | D        | Reached skill level 11 in Unarmed Combat
   239 | D        | Noticed a smoke demon
   251 | D        | Noticed a chaos spawn
   251 | D        | Killed from afar by a smoke demon

Illustrated notes

Levels and vault maps discovered:
D:        dungeon_sprint_1 [red_sonja_temple_1, red_sonja_temple_small_1]

Skill      XL: |  1  2  3  4  5  6  7 |
---------------+----------------------+-----
Fighting       | 3 4 6 7 8 |  8.3
Dodging        | 3 4 6 7 8 |  8.4
Unarmed Combat | 4 6 8 10 11 | 11.3
Stealth        | |  0.9

Action                     |  1- 3 |  4- 6 |  7- 9 || total
---------------------------+-------+-------+-------++-------
  Melee: Unarmed           |     8 |    19 |    21 ||    48
         Punch             |       |     1 |     1 ||     2
 Invoke: Berserk           |     1 |     1 |     1 ||     3
    Use: Potion            |       |     1 |       ||     1
   Stab: Sleeping          |       |     1 |       ||     1
 Armour: Animal skin       |     2 |     1 |     4 ||     7
  Dodge: Dodged            |     3 |     9 |    10 ||    22

Table legend: (Time is in decaauts)
 A = Elapsed time spent in this place.
 B = Non-inter-level travel time spent in this place.
 C = Inter-level travel time spent in this place.
 D = Time resting spent in this place.
 E = Time spent auto-exploring this place.
 F = Levels seen in this place.
 G = Mean time per level.
                   A        B        C        D        E       F      G
               +--------+--------+--------+--------+--------+-----+--------+
         Total |    261 |    261 |      0 |     37 |      0 |   1 |  261.0 |
       Dungeon |    261 |    261 |      0 |     37 |      0 |   1 |  261.0 |
               +--------+--------+--------+--------+--------+-----+--------+

Top non-repeatable levels by time:
       D: 261 daAuts
